 Dungeon Crawl Stone Soup version 0.30.1-11-g7821555f0a (webtiles) character file.

Game seed: 5908115757485371641

165841 Angrytalen2 the Warrior (level 17, -9/138 (146) HPs)
             Began as a Minotaur Gladiator on Nov 30, 2023.
             Was the Champion of Hepliaklqana.
             Mangled by a wolf spider (12 damage)
             ... on level 2 of the Spider Nest on Dec 2, 2023.
             The game lasted 04:56:49 (32484 turns).

Angrytalen2 the Warrior (Minotaur Gladiator)       Turns: 32484, Time: 04:56:53

HP:   -9/138 (146)  AC: 19    Str: 28    XL:     17   Next: 28%
MP:   14/16         EV: 21    Int:  5    God:    Hepliaklqana [******]
Gold: 2178          SH:  0    Dex: 17    Spells: 16/16 levels left

rFire   + . .        F - +5 quarterstaff "Soary" {spect, rElec rPois rF+}
rCold   + . .        (shield currently unavailable)
rNeg    . . .        w - +7 Kryia's mail coat {PotionHeal*2 rC+}
rPois   +            c - +2 hat
rElec   +            L - +2 cloak {rCorr}
rCorr   +            N - +2 pair of gloves
SInv    .            C - +1 pair of boots
Will    +....        (no amulet)
Stlth   ++++         r - +6 ring of dexterity
HPRegen 0.43/turn    D - +5 ring of evasion
MPRegen 0.15/turn

%: no passive effects
@: corroded, studying Armour, drained
A: reduced essence, horns 2, retaliatory headbutt
a: Renounce Religion, Recall Ancestor, Ancestor Identity, Transference, Idealise


You were on level 2 of the Spider Nest.
You worshipped Hepliaklqana.
Hepliaklqana was exalted by your worship.
You visited 6 branches of the dungeon, and saw 28 of its levels.

You collected 3081 gold pieces.
You spent 903 gold pieces at shops.

Inventory:

Hand Weapons
 s - a +7 longbow of draining
 F - the +5 quarterstaff "Soary" (weapon) {spect, rElec rPois rF+}
   (You found it on level 4 of the Dungeon)

   rF:        It protects you from fire.
   rElec:     It insulates you from electricity.
   rPois:     It protects you from poison.
 K - the +8 trident "Spiderbane" {heavy, rElec rN+}
   (You found it on level 7 of the Dungeon)

   rElec:     It insulates you from electricity.
   rN:        It protects you from negative energy.
 O - the +3 great sword of Demand {freeze, rCorr Int+3}
   (You found it on level 10 of the Dungeon)

   Int:       It affects your intelligence (+3).
   rCorr:     It protects you from acid and corrosion.
Missiles
 b - 8 boomerangs (quivered)
 d - 8 throwing nets
 E - 54 poisoned darts
 Q - 3 boomerangs of dispersal
Armour
 c - a +2 hat (worn)
 w - the +7 Kryia's mail coat (worn) {PotionHeal*2 rC+}
   (You found it on level 10 of the Dungeon)

   PotionHeal*2: Potions heal its wearer twice as much.
   rC:        It protects you from cold.
 y - an orb of mayhem
 C - a +1 pair of boots (worn)
 L - a +2 cloak of preservation (worn)
 N - a +2 pair of gloves (worn)
 Y - the +4 scale mail of Immorality {Dex+6}
   (You found it on level 15 of the Dungeon)

   Dex:       It affects your dexterity (+6).
Jewellery
 e - a +6 ring of strength
 r - a +6 ring of dexterity (left hand)
 D - a +5 ring of evasion (right hand)
Wands
 f - a wand of digging (2)
 i - a wand of flame (39)
 m - a wand of roots (39)
 x - a wand of polymorph (25)
 A - a wand of charming (16)
 P - a wand of quicksilver (11)
 Z - a wand of mindburst (38)
Scrolls
 g - 2 scrolls of blinking
 k - 5 scrolls of fear
 p - 5 scrolls of immolation
 u - 6 scrolls of vulnerability
 G - a scroll of butterflies
 H - 17 scrolls of teleportation
 I - 7 scrolls of amnesia
 J - a scroll of brand weapon
 T - 3 scrolls of fog
 U - 4 scrolls of enchant armour
 W - 5 scrolls of magic mapping
 X - a scroll of acquirement
Potions
 a - 3 potions of berserk rage
 h - 12 potions of curing
 j - 2 potions of magic
 l - 7 potions of brilliance
 n - 3 potions of lignification
 o - 4 potions of flight
 q - 2 potions of resistance
 t - 3 potions of heal wounds
 v - 5 potions of ambrosia
 z - 2 potions of cancellation
 M - a potion of invisibility
 R - 6 potions of haste
 S - 6 potions of might
 V - 6 potions of mutation
Miscellaneous
 B - a condenser vane


   Skills:
 * Level 17.9 Fighting
 - Level 6.9(11.8) Axes
 - Level 6.0(11.6) Maces & Flails
 * Level 13.7(16.6) Polearms
 - Level 13.7(16.4) Staves
 - Level 13.1 Ranged Weapons
 - Level 2.0 Throwing
 - Level 11.4 Armour
 - Level 9.5 Dodging
 - Level 11.1 Stealth


You had 16 spell levels left.
You didn't know any spells.
Your spell library contained the following spells:

 Spells                   Type           Power      Damage    Failure   Level
 Sandblast                Erth           0%         2d4       69%         1
 Momentum Strike          Conj/Tloc      0%         3d8       83%         2
 Passwall                 Tmut/Erth      0%         N/A       83%         2
 Dazzling Flash           Conj/Hex       0%         N/A       96%         3
 Stone Arrow              Conj/Erth      0%         3d7       96%         3
 Teleport Other           Tloc           0%         N/A       96%         3
 Volatile Blastmotes      Fire/Tloc      0%         2d10      96%         3
 Cause Fear               Hex            0%         N/A       100%        4
 Iskenderun's Mystic Bla  Conj/Tloc      0%         2d3       100%        4
 Iskenderun's Battlesphe  Conj           0%         2d6       100%        5
 Iron Shot                Conj/Erth      0%         9d1       100%        6
 Simulacrum               Ice/Necr       0%         N/A       100%        6
 Starburst                Conj/Fire      0%         6d3       100%        6
 Statue Form              Tmut/Erth      0%         N/A       100%        6
 Dragon Form              Tmut           0%         N/A       100%        7
 Ozocubu's Refrigeration  Ice            0%         4d7       100%        7
 Spellforged Servitor     Conj/Summ      0%         N/A       100%        7
 Dragon's Call            Summ           0%         N/A       100%        9
 Polar Vortex             Ice            0%         N/A       100%        9


Dungeon Overview and Level Annotations

Branches:
Dungeon (15/15)            Temple (1/1) D:4            Lair (5/5) D:10
  Swamp (3/4) Lair:3       Spider (2/4) Lair:2        Slime (0/5) Lair:5
    Orc (2/2) D:10            Elf (0/3) Orc:2        Vaults (0/5) D:13
 Depths (0/4) D:15

Altars:
Ashenzari
Cheibriados
Dithmenos
Elyvilon
Fedhas
Gozag
Hepliaklqana
Kikubaaqudgha
Makhleb
Nemelex Xobeh
Okawaru
Qazlal
Ru
Sif Muna
Trog
Uskayaw
Vehumet
Wu Jian
Xom
Yredelemnul
Zin
The Shining One
Jiyva

Shops:
D:4 *   D:5 =![   D:9 *   Orc:1 ?   Orc:2 ?[:=

Annotations:
D:2 1 runed translucent door, Crazy Yiuf
Swamp:3 2 transporters, Keoguots's ghost, adept GnSk


Innate Abilities, Weirdness & Mutations

Your life essence is reduced to manifest your ancestor. (-10% HP)
You have a pair of horns on your head.
You reflexively headbutt those who attack you in melee.


Message History

Talen drains the torpor snail.
The wolf spider hits you but does no damage.
The wolf spider bites you but does no damage.
The wolf spider hits you! The wolf spider bites you!
You see here a +0 sling.
The pharaoh ant attacks as you move away!
The pharaoh ant bites you!
You feel drained.
The entropy weaver casts a spell at you.
The orb spider begins to weave its threads into a brightly glowing ball.
Talen gestures at the torpor snail while chanting.
The torpor snail resists with almost no effort.
The pharaoh ant bites you.
You feel drained.
The torpor snail bites Talen!
The wolf spider hits you!
The wolf spider bites you but does no damage.
The wolf spider completely misses you.
The wolf spider bites you but does no damage.
The entropy weaver points at you and mumbles some strange words.
The entropic weave corrodes you! The pharaoh ant completely misses you.
You furiously retaliate!
You headbutt the pharaoh ant, but do no damage.
The torpor snail closely misses Talen.
Talen hits the torpor snail with a +0 dagger of draining.
Talen drains the torpor snail.
The torpor snail dies!
The entropy weaver casts a spell at you.
The entropic weave corrodes you!
Select a target.
Press: ? - help, Dir - move target, f - wolf spider
Aim: a wolf spider (lightly wounded)
The floor.
The wolf spider swaps with Talen!
You feel yourself speed up.
Talen is no longer moving slowly.
The pharaoh ant bites you!!
You feel drained. The wolf spider hits you!
* * * LOW HITPOINT WARNING * * *
The wolf spider closely misses you. The pharaoh ant bites you!!
* * * LOW HITPOINT WARNING * * *
Talen hits the wolf spider with a +0 dagger of draining.
The wolf spider hits you!
You die...

.B.......#.........###...
. #......#..#^######..#
..B##...#^####.## #..##
..s^..§.### #.######^.##
..####...#####.......^###
#..s.##..........## #
##Bs###........#.# #
.##.#.Bs###......#.## #
.....s..@R.......##.# #
...##..^####....##.## ##
. #.... ##.####. ##.
.....## #.. .# ###..
.....### ..^ ##.... .##..
..#..†.. #.. ...)..... ..
.....##.... .......#....


You could see the friendly Talen the hexer, an entropy weaver (ally target), 2
wolf spiders, an orb spider (charged), a pharaoh ant and a redback.

Vanquished Creatures
  Jorgrun (Orc:2)
  Rupert (Orc:2)
  Kirke (Spider:1)
  Donald (Swamp:1)
  A stone giant (D:15)
  Nessos (D:14)
  3 eleionomae
  3 bunyips
  Erolcha (Orc:2)
  The ghost of Okkudo the Severer, a journeyman HOMo of Beogh (D:12)
  Harold (D:10)
  4 vault guards (D:13)
  An ice dragon (D:11)
  A jorogumo (Spider:1)
  10 hydras
  4 ghost crabs
  9 centaur warriors
  Erica (D:10)
  5 alligators
  2 two-headed ogres (D:10)
  2 tengu warriors
  A deep troll shaman (Lair:5)
  4 death yaks (Lair:5)
  3 boulder beetles
  3 orc high priests
  Lodul (D:9)
  A sun moth (Spider:1)
  3 orb spiders
  3 swamp dragons
  2 wizards
  A steelbarb worm (Spider:1)
  A lindwurm (Lair:5)
  3 bog bodies
  A spriggan druid (Swamp:3)
  An orc knight (Orc:1)
  4 cyclopes
  2 deep elf pyromancers
  An orc sorcerer (Orc:2)
  A will-o-the-wisp (Swamp:3)
  5 wolf spiders
  8 ugly things
  3 manticores
  3 black mambas
  8 elephants (Lair:5)
  A torpor snail (Spider:2)
  2 demonic crawlers (Spider:1)
  6 cane toads
  6 gargoyles
  A rime drake (Lair:4)
  3 komodo dragons
  2 kobold demonologists
  2 tengu conjurers
  7 trolls
  A polar bear (shapeshifter) (D:15)
  5 polar bears
  A wolf spider simulacrum (D:14)
  9 hornets
  6 tyrant leeches
  2 bloated husks
  A tarantella (Spider:1)
  8 blink frogs
  7 dream sheep (Lair:5)
  5 jumping spiders
  Sigmund (D:4)
  5 wyverns
  A vampire (D:10)
  3 culicivoras (Spider:1)
  10 spriggans
  A centaur simulacrum (D:14)
  41 yaks
  5 slime creatures
  2 wraiths
  3 basilisks
  A fire elemental (Lair:1)
  Grum (D:8)
  7 redbacks
  4 vampire mosquitoes (Swamp:3)
  13 swamp worms
  An acid dragon (D:12)
  Edmund (D:4)
  8 water moccasins
  2 hexers
  2 swamp drakes
  7 black bears
  16 orc warriors
  An ice beast (D:7)
  15 ogres
  14 wolves
  11 centaurs
  2 phantoms
  A kobold brigand (D:6)
  10 bullfrogs
  3 scorpions
  2 gnoll sergeants (D:10)
  13 wights
  7 killer bees
  3 electric eels
  4 centaur zombies (D:7)
  3 hounds
  15 orc priests
  3 gnoll boudas
  An iguana (D:5)
  Ijyb (D:3)
  26 orc wizards
  2 sleepcaps (D:7)
  2 hell rats (Lair:1)
  2 killer bee zombies (D:7)
  4 howler monkey zombies (D:7)
  9 river rats (Lair:1)
  10 adders
  10 gnolls
  A shadow imp (D:7)
  15 white imps
  An ufetubus (D:6)
  5 worms
  3 dart slugs
  46 orcs
  11 endoplasms
  6 giant cockroaches
  7 goblins
  5 hobgoblins
  4 jackals (D:3)
  15 kobolds
  5 quokkas
  2 ball pythons
  A bat (D:1)
  4 frilled lizards
  10 rats
642 creatures vanquished.

Vanquished Creatures (collateral kills)
  A thorn hunter (Swamp:1)
  2 eleionomae
  Snorg (Orc:2)
  A catoblepas (Lair:5)
  3 hydras
  4 alligators
  2 two-headed ogres
  2 tengu warriors (D:15)
  An orc high priest (Orc:2)
  Sonja (Orc:2)
  2 spriggans (Swamp:2)
  A spriggan druid (Swamp:3)
  2 orb spiders
  A deep elf pyromancer (D:15)
  3 ugly things
  2 manticores
  A wolf spider (Spider:1)
  A moth of wrath (Spider:2)
  2 cyclopes (D:11)
  Maurice (Orc:2)
  A torpor snail (Spider:2)
  A black mamba (Lair:1)
  An unseen horror (D:10)
  4 cane toads
  2 komodo dragons
  A rime drake (Lair:5)
  A troll (Orc:2)
  A tyrant leech (Swamp:1)
  5 blink frogs
  3 hornets
  7 dream sheep (Lair:5)
  A slime creature (D:13)
  2 culicivoras (Spider:1)
  A basilisk (D:10)
  8 yaks
  2 hogs (Spider:1)
  A steam dragon (D:7)
  A warg (Orc:2)
  3 swamp worms
  4 water moccasins
  A swamp drake (D:10)
  3 orc warriors (Orc:2)
  3 centaurs
  2 bullfrogs (Lair:1)
  A wyvern zombie (D:7)
  6 scorpions
  5 wights
  A hexer (D:13)
  A killer bee (D:11)
  A howler monkey (D:10)
  A bullfrog zombie (D:7)
  A centaur zombie (D:7)
  10 orc priests
  A jelly (D:6)
  A gnoll bouda (Lair:3)
  5 orc wizards
  A howler monkey zombie (D:7)
  4 gnolls
  An adder (D:6)
  A river rat (Lair:1)
  A white imp (D:6)
  An ufetubus (D:7)
  13 orcs
  A quokka (D:5)
150 creatures vanquished.

Vanquished Creatures (others)
  A spriggan druid (Swamp:2)
  A bloated husk (Swamp:1)
  A human (Spider:1)
  A swamp worm (Swamp:2)
  2 orc warriors (Orc:1)
  A swamp drake (Swamp:2)
  2 orc wizards
  32 hexers
  5 spectral weapons
46 creatures vanquished.

Grand Total: 838 creatures vanquished

Notes
Turn   | Place    | Note
-------+----------+-------------------------------------------
     0 | D:1      | Angrytalen2 the Minotaur Gladiator began the quest for the
                  | Orb.
     0 | D:1      | Reached XP level 1. HP: 18/18 MP: 0/0
   140 | D:1      | Reached XP level 2. HP: 25/25 MP: 1/1
   400 | D:1      | Found a faded altar of an unknown god.
   644 | D:2      | Reached skill level 5 in Axes
   644 | D:2      | Reached XP level 3. HP: 30/30 MP: 2/2
  1057 | D:2      | Reached XP level 4. HP: 33/37 MP: 3/3
  1241 | D:2      | Found a runed translucent door.
  1242 | D:2      | Noticed Crazy Yiuf
  1646 | D:3      | Reached XP level 5. HP: 40/42 MP: 4/4
  1838 | D:3      | Reached skill level 1 in Maces & Flails
  1935 | D:3      | Noticed Ijyb
  1941 | D:3      | Killed Ijyb
  2473 | D:4      | Found a staircase to the Ecumenical Temple.
  2509 | Temple   | Entered the Ecumenical Temple
  2537 | Temple   | Became a worshipper of Hepliaklqana the Forgotten
  2552 | D:4      | Noticed an ogre
  2557 | D:4      | Killed an ogre
  2558 | D:4      | Reached XP level 6. HP: 50/50 MP: 5/5
  2758 | D:4      | Noticed Sigmund
  2763 | D:4      | Killed Sigmund
  2883 | D:4      | Reached skill level 1 in Polearms
  2883 | D:4      | Reached XP level 7. HP: 53/56 MP: 6/6
  3194 | D:4      | Identified the +5 quarterstaff "Soary" {spect, rElec rPois
                  | rF+}
  3199 | D:4      | Found Ugaur's General Store.
  3235 | D:4      | Noticed Edmund
  3245 | D:4      | Killed Edmund
  3497 | D:4      | Reached * piety under Hepliaklqana
  3687 | D:5      | Entered Level 5 of the Dungeon
  3687 | D:5      | Found Ustrunn's Armour Shoppe.
  3705 | D:5      | Reached skill level 5 in Staves
  4106 | D:5      | Found Kosis's Jewellery Boutique.
  4342 | D:5      | Found Vaipekin's Distillery.
  4374 | D:5      | Reached XP level 8. HP: 45/55 MP: 7/7
  4611 | D:6      | Found a radiant altar of Vehumet.
  4612 | D:6      | Found a bloodstained altar of Trog.
  4613 | D:6      | Found a broken altar of Ashenzari.
  4613 | D:6      | Found an opulent altar of Gozag.
  4613 | D:6      | Found a shadowy altar of Dithmenos.
  4892 | D:6      | Found a snail-covered altar of Cheibriados.
  5099 | D:6      | Reached ** piety under Hepliaklqana
  5100 | D:6      | Remembered your ancestor Talen as a hexer
  5830 | D:7      | Reached skill level 10 in Staves
  6041 | D:7      | Reached XP level 9. HP: 61/61 MP: 8/8
  6683 | D:7      | Identified the +8 trident "Spiderbane" {heavy, rElec rN+}
  6829 | D:7      | Identified the +4 long sword "Caont" {elec, Str+4 Stlth+}
  6880 | D:7      | Reached skill level 3 in Fighting
  7314 | D:7      | Reached skill level 4 in Fighting
  7565 | D:8      | Reached *** piety under Hepliaklqana
  7578 | D:8      | Found a shimmering blue altar of Sif Muna.
  7644 | D:8      | Reached XP level 10. HP: 70/70 MP: 9/9
  7978 | D:8      | Noticed Grum
  7993 | D:7      | Reached skill level 5 in Dodging
  8030 | D:7      | Reached skill level 5 in Fighting
  8144 | D:8      | Killed Grum
  8565 | D:9      | Noticed a two-headed ogre
  8570 | D:9      | Killed a two-headed ogre
  8571 | D:9      | Reached skill level 6 in Fighting
  8805 | D:9      | Found Geof's Serpentskin Sales.
  8904 | D:9      | Reached skill level 7 in Fighting
  9716 | D:5      | Bought a +6 ring of dexterity for 432 gold pieces
  9865 | D:10     | Entered Level 10 of the Dungeon
  9883 | D:10     | Reached skill level 1 in Armour
  9910 | D:9      | Reached skill level 8 in Fighting
  9980 | D:10     | Identified the +1 long sword "Amin" {flame, MP+9}
 10012 | D:10     | Identified the +3 great sword of Demand {freeze, rCorr
                  | Int+3}
 10024 | D:10     | Reached **** piety under Hepliaklqana
 10087 | D:10     | Noticed Lodul
 10102 | D:10     | Noticed Erica
 10137 | D:10     | Killed Erica
 10138 | D:10     | Reached XP level 11. HP: 63/85 MP: 10/10
 10237 | D:10     | Reached skill level 9 in Fighting
 10305 | D:9      | Killed Lodul
 10539 | D:10     | Found a staircase to the Lair.
 10687 | D:10     | Found the +7 Kryia's mail coat {PotionHeal*2 rC+}
 10689 | D:10     | Noticed a two-headed ogre
 10698 | D:10     | Killed a two-headed ogre
 10699 | D:10     | Reached skill level 10 in Fighting
 10791 | D:10     | Noticed Harold
 10803 | D:10     | Killed Harold
 10974 | D:10     | Found a staircase to the Orcish Mines.
 11204 | Lair:1   | Entered Level 1 of the Lair of Beasts
 11425 | Lair:1   | Identified the +0 long sword of Propriety {venom, *Rage
                  | rElec MP+9 Stlth+}
 11449 | Lair:1   | Reached skill level 5 in Polearms
 11601 | Lair:1   | Reached skill level 1 in Ranged Weapons
 12021 | Lair:1   | Reached XP level 12. HP: 95/95 MP: 11/11
 12031 | Lair:1   | Reached skill level 5 in Ranged Weapons
 12552 | Lair:2   | Reached ***** piety under Hepliaklqana
 12692 | Lair:2   | Found a hole to the Spider Nest.
 13789 | Lair:3   | You fall into a shaft and drop 2 floors!
 13789 | Lair:5   | Entered Level 5 of the Lair of Beasts
 14099 | Lair:3   | Reached skill level 10 in Ranged Weapons
 14112 | Lair:3   | Identified a scroll of acquirement
 14426 | Lair:3   | Found a staircase to the Swamp.
 15115 | Lair:4   | Noticed an eight-headed hydra
 15125 | Lair:4   | Killed an eight-headed hydra
 15429 | Lair:4   | Reached XP level 13. HP: 101/101 MP: 12/12
 15651 | Lair:4   | Reached ****** piety under Hepliaklqana
 16205 | Lair:5   | Reached skill level 1 in Stealth
 16247 | Lair:5   | Reached skill level 5 in Armour
 17096 | Lair:5   | Reached skill level 11 in Fighting
 17296 | Lair:5   | Reached skill level 12 in Fighting
 17627 | Lair:5   | Found a viscous altar of Jiyva.
 17627 | Lair:5   | Found a staircase to the Slime Pits.
 18178 | D:11     | Found an iron altar of Okawaru.
 18188 | D:11     | Reached skill level 13 in Fighting
 18246 | D:11     | Reached XP level 14. HP: 116/116 MP: 13/13
 19224 | D:12     | Found a frozen archway.
 19715 | D:12     | Reached skill level 5 in Stealth
 19943 | D:12     | Found a runed translucent gate.
 19944 | D:12     | Found a runed translucent gate.
 19945 | D:12     | Found a runed translucent gate.
 19946 | D:12     | Noticed Okkudo's ghost (journeyman HOMo)
 20377 | D:12     | Killed Okkudo's ghost
 20678 | D:13     | Reached skill level 14 in Fighting
 22161 | D:13     | Found a gate to the Vaults.
 22457 | D:14     | Found an opulent altar of Gozag.
 22591 | D:14     | Noticed Nessos
 22599 | D:14     | Killed Nessos
 22630 | D:14     | Reached XP level 15. HP: 125/125 MP: 14/14
 23176 | D:14     | Found a hazy altar of Hepliaklqana.
 23358 | D:14     | Reached skill level 10 in Polearms
 23811 | D:15     | Entered Level 15 of the Dungeon
 23971 | D:15     | Found a staircase to the Depths.
 24233 | D:15     | Found a hide-covered altar of Uskayaw.
 24292 | D:15     | Identified the +4 scale mail of Immorality {Dex+6}
 24499 | D:15     | Got Lacir's Teachings on the Dislocated Fault
 24784 | D:15     | Reached XP level 16. HP: 132/132 MP: 15/15
 25010 | D:10     | Reached skill level 10 in Armour
 25439 | Orc:1    | Entered Level 1 of the Orcish Mines
 25706 | Orc:1    | Found Usmajuannu's Magic Scroll Emporium.
 25724 | Orc:1    | Bought a scroll of enchant armour for 135 gold pieces
 25830 | Orc:1    | Found a burning altar of Makhleb.
 25993 | Orc:2    | Entered Level 2 of the Orcish Mines
 26841 | Orc:2    | Found Henuneot's Book Shop.
 26841 | Orc:2    | Found Kegoeha's Jewellery Shop.
 26848 | Orc:2    | Found Heawkex's Antique Armour Boutique.
 26853 | Orc:2    | Found Myihad's Magic Scroll Boutique.
 26865 | Orc:2    | Noticed Snorg
 26872 | Orc:2    | Killed Snorg
 26958 | Orc:2    | Noticed Erolcha
 26964 | Orc:2    | Killed Erolcha
 26964 | Orc:2    | Noticed Sonja
 26972 | Orc:2    | Killed Sonja
 26973 | Orc:2    | Reached skill level 10 in Stealth
 27038 | Orc:2    | Noticed Maurice
 27039 | Orc:2    | Noticed Jorgrun
 27297 | Orc:2    | Killed Jorgrun
 27312 | Orc:2    | Killed Maurice
 27574 | Orc:2    | Found a staircase to the Elven Halls.
 27655 | Orc:2    | Noticed Rupert
 27664 | Orc:2    | Killed Rupert
 27869 | Orc:2    | Bought a scroll of enchant armour for 112 gold pieces
 27869 | Orc:2    | Bought a scroll of enchant weapon for 112 gold pieces
 27869 | Orc:2    | Bought a scroll of enchant armour for 112 gold pieces
 28086 | Swamp:1  | Entered Level 1 of the Swamp
 28132 | Swamp:1  | Noticed Donald
 28143 | Swamp:1  | Killed Donald
 28422 | Swamp:1  | Noticed a thorn hunter
 28434 | Swamp:1  | Killed a thorn hunter
 28868 | Swamp:1  | You fall into a shaft and drop 1 floor!
 28909 | Swamp:3  | Reached skill level 15 in Fighting
 30092 | Swamp:3  | Found a transporter.
 30092 | Swamp:3  | Noticed Keoguots's ghost (adept GnSk)
 30120 | Swamp:3  | Reached skill level 16 in Fighting
 30130 | Swamp:3  | Paralysed by a hornet for 3 turns
 30546 | Swamp:3  | Reached XP level 17. HP: 116/143 MP: 16/16
 30625 | Swamp:3  | Acquired a manual of Armour
 30652 | Swamp:3  | Found a transporter.
 31290 | Spider:1 | Entered Level 1 of the Spider Nest
 31418 | Spider:1 | Reached skill level 17 in Fighting
 31810 | Spider:1 | Noticed Kirke
 31827 | Spider:1 | Killed Kirke
 32484 | Spider:2 | HP: 3/138 [pharaoh ant (27)]
 32484 | Spider:2 | Mangled by a wolf spider

Illustrated notes

Levels and vault maps discovered:
D:1:      spicycebolla_arrival_xxxplode, layout_loops_ring,
          ebering_ecumenical_altar_box, minmay_misc_feat_iff
D:2:      layout_basic, uniq_crazy_yiuf_cottage
D:3:      minmay_spotlight, layout_basic, grunt_ministairs_2, uniq_ijyb
D:4:      layout_basic, minmay_temple_entry_large_hall, serial_shops,
          nicolae_shop_pleasant_corner_grove, uniq_sigmund, uniq_edmund
D:5:      layout_loops_ring, serial_shops, nicolae_shop_rolling_square, shop,
          nicolae_wooded_promenade, kennysheep_minor_cross, kennysheep_boxes
D:6:      kennysheep_spiral_hall, layout_basic, slow_altar_2,
          grunt_temple_overflow_open
D:7:      layout_basic, serial_undead, serial_undead_d, serial_undead_d,
          serial_undead_a, serial_undead_d, serial_undead_b, serial_undead_e
D:8:      layout_basic, nicolae_sif_muna_little_library, uniq_grum
D:9:      layout_basic, guppyfry_shop_venom
D:10:     layout_irregular_city, minmay_lair_entry_grove, erik_orc_1,
          evilmike_minifort, uniq_erica, uniq_harold, uniq_lodul
D:11:     dragon1_lemuel, layout_small_grid, okawaru_trees_2
D:12:     layout_loops_corners, portal_ice_cave_entry_imps,
          gammafunk_ghost_hydra_chop
D:13:     layout_cave_pools, lightli_vaults_fourway_checkpoint,
          minmay_increasing_density
D:14:     layout_roguey, lemuel_round_altar, grunt_gozag_statues, uniq_nessos
D:15:     grunt_enter_depths_snipers, layout_gridville,
          nicolae_uskayaw_dance_hall
Temple:   minmay_freezing_vapour_temple
Lair:1:   layout_gridlike, kennysheep_rathole, infiniplex_staircase_pool_2,
          grunt_megastairs_3
Lair:2:   layout_long_grid, nicolae_spider_entry_non_spiders
Lair:3:   layout_roguey, nicolae_swamp_entry_splash_gauntlet,
          dreamdust_gnoll_shepherd
Lair:4:   layout_regular_city, gauntlet_entry_generic
Lair:5:   grunt_lair_end_beastmaster, layout_loops_ring,
          dpeg_slime_entry_enclosed
Swamp:1:  layout_falls_marsh, hangedman_swamp_blocks, swamp_pool1,
          nicolae_swamp_well_well_well, uniq_donald
Swamp:2:  layout_falls_marsh, evilmike_swamp_ruin_house_5
Swamp:3:  layout_basic_swamp, gammafunk_ghost_mausoleum, hangedman_swamp_lotus,
          swamp_pool2
Spider:1: layout_spider_delve, uniq_kirke
Spider:2: layout_chambers, nicolae_spider_cling_halls,
          hangedman_spider_tarantella_strand
Orc:1:    layout_caves, serial_shops, shop, lemuel_statue_altar
Orc:2:    st_orc_mages, layout_caves, uniq_erolcha, uniq_jorgrun, uniq_maurice,
          uniq_rupert, uniq_sonja, uniq_snorg

Skill      XL: |  1  2  3  4  5  6  7  8  9 10 11 12 13 14 15 16 17 |
---------------+----------------------------------------------------+-----
Axes           | 4 5 6 |  6.9
Maces & Flails | 4 6 |  6.0
Polearms       | 1 6 7 9 10 13 | 13.7
Staves         | 6 10 13 | 13.7
Fighting       | 4 8 10 13 14 16 17 | 17.9
Dodging        | 4 8 9 |  9.5
Armour         | 2 4 7 9 11 | 11.4
Ranged Weapons | 4 12 13 | 13.1
Stealth        | 4 7 8 11 | 11.1
Throwing       | |  2.0

Action                     |  1- 3 |  4- 6 |  7- 9 | 10-12 | 13-15 | 16-18 || total
---------------------------+-------+-------+-------+-------+-------+-------++-------
  Melee: War axe           |    66 |    40 |       |       |       |       ||   106
         Headbutt          |    16 |    12 |    38 |    53 |   128 |    88 ||   335
         Flail             |       |    33 |       |       |       |       ||    33
         Unarmed           |       |     4 |       |       |       |    13 ||    17
         Halberd           |       |     2 |     3 |       |       |       ||     5
         Quarterstaff      |       |       |   151 |     2 |   289 |   320 ||   762
         Trident           |       |       |    21 |   303 |    86 |    33 ||   443
         Punch             |       |       |       |     3 |       |       ||     3
         Longbow           |       |       |       |       |       |     1 ||     1
   Fire: Arbalest          |       |       |       |    30 |   101 |       ||   131
         Longbow           |       |       |       |       |    56 |   238 ||   294
  Throw: Throwing net      |       |     1 |       |       |       |       ||     1
         Boomerang         |       |       |    24 |    34 |    19 |     7 ||    84
 Invoke: Ancestor Identity |       |       |     2 |       |       |       ||     2
         Ancestor Life: He |       |       |     1 |       |       |       ||     1
         Recall Ancestor   |       |       |       |     2 |     1 |     1 ||     4
         Transference      |       |       |       |       |       |     3 ||     3
    Use: Scroll            |       |     4 |     8 |    18 |    10 |     6 ||    46
         Potion            |       |       |     3 |       |     1 |     6 ||    10
   Stab: Sleeping          |       |     1 |       |       |     2 |     4 ||     7
         Confused          |       |       |     4 |     9 |     2 |     8 ||    23
         Distracted        |       |       |     2 |     4 |    16 |     9 ||    31
         Paralysed         |       |       |       |       |     2 |    18 ||    20
 Armour: Leather armour    |    15 |     8 |       |       |       |       ||    23
         Ring mail         |       |    10 |       |       |       |       ||    10
         Skin              |       |     1 |     3 |       |       |       ||     4
         Robe              |       |     1 |    16 |       |       |       ||    17
         Steam dragon scal |       |       |     4 |    36 |       |       ||    40
         Scale mail        |       |       |       |    44 |   133 |   185 ||   362
  Dodge: Dodged            |    47 |    49 |    91 |   307 |   306 |   330 ||  1130
